 Dungeon Crawl Stone Soup version 0.28-a0-461-g2dc4ca5097 (webtiles) character file.

Game seed: 3640920172626939705

2898 bande the Cleaver (level 9, -4/56 HPs)
             Began as a Gargoyle Fighter on Sept 13, 2021.
             Slain by a killer bee (6 damage)
             ... on level 7 of the Dungeon.
             The game lasted 00:14:58 (9184 turns).

bande the Cleaver (Gargoyle Fighter)                Turns: 9184, Time: 00:14:58

Health: -4/56      AC: 26    Str: 23    XL:     9   Next: 77%
Magic:  9/9        EV:  4    Int:  8    God:
Gold:   179        SH: 14    Dex: 10    Spells: 8/8 levels left

rFire   + . .      SeeInvis .   a - +0 war axe
rCold   . . .      Faith    .   d - +1 tower shield {AC+3}
rNeg    + . .      Spirit   .   r - +1 chain mail {rF+}
rPois   ∞          Reflect  .   i - +0 helmet
rElec   +          Harm     .   j - +0 cloak
rCorr   .          Rampage  .   e - +0 pair of gloves
Will    .....                   (no boots)
Stlth   ..........              (no amulet)
HPRegen 0.18/turn               (no ring)
MPRegen 0.11/turn               (no ring)

@: no status effects
A: sickness immunity, AC +6, negative energy resistance 1, electricity
resistance, torment resistance 1, petrification resistance, iridescent scales 1,
sense surroundings 1
a: no special abilities


You were on level 7 of the Dungeon.
You visited 1 branch of the dungeon, and saw 7 of its levels.

You collected 251 gold pieces.
You spent 72 gold pieces at shops.

Inventory:

Hand Weapons
 a - a +0 war axe (weapon)
 k - a +0 flail
 n - a +0 war axe
Armour
 d - a +1 tower shield of protection (worn)
 e - a +0 pair of gloves (worn)
 i - a +0 helmet (worn)
 j - a +0 cloak (worn)
 r - a +1 chain mail of fire resistance (worn)
Jewellery
 f - a ring of wizardry
 l - an amulet of the acrobat
Wands
 c - a wand of digging (7)
 g - a wand of charming (3)
 p - a wand of flame (4)
Potions
 h - a potion of haste
 o - 2 potions of flight
 q - a potion of brilliance


   Skills:
 + Level 6.3 Fighting
 + Level 8.0 Axes
 + Level 6.9 Armour
 + Level 5.6 Shields
 * Level 4.7 Evocations


You had 8 spell levels left.
You didn't know any spells.
Your spell library contained the following spells:

 Spells                   Type           Power      Damage    Failure   Level
 Foxfire                  Conj/Fire      0%         2x1d4     100%        1
 Conjure Flame            Conj/Fire      0%         6-21      100%        3
 Ignite Poison            Fire/Tmut/Pois 0%         N/A       100%        3
 Sticky Flame             Conj/Fire      0%         2d3       100%        4


Dungeon Overview and Level Annotations

Branches:
Dungeon (7/15)
 Temple: D:4-7

Altars:
Kikubaaqudgha
Sif Muna
Vehumet

Shops:
D:3 !


Innate Abilities, Weirdness & Mutations

You are immune to sickness and miasma.
Your stone body is resilient. (AC +6)
You are immune to poison.
You resist negative energy. (rN+)
You are resistant to electric shocks. (rElec)
You are resistant to unholy torment.
You are immune to petrification.
You are partially covered in iridescent scales. (AC +2)
You passively map a small area around you.


Message History

You block the killer bee's attack.
You miss the killer bee. You closely miss the killer bee.
You block the killer bee's attack.
The killer bee stings you but does no damage.
The killer bee barely misses you. The killer bee completely misses you.
The killer bee stings you but does no damage. x2
Unknown command.
You miss the killer bee. You slash the killer bee!
The killer bee stings you but does no damage. x3
You block the killer bee's attack. The killer bee stings you.
* * * LOW HITPOINT WARNING * * *
The killer bee stings you but does no damage.
Unknown command.
You closely miss the killer bee. You barely miss the killer bee.
The killer bee stings you.
* * * LOW HITPOINT WARNING * * *
The killer bee stings you but does no damage.
You block the killer bee's attack. x3; The killer bee stings you.
* * * LOW HITPOINT WARNING * * *
You miss the killer bee. x2
The killer bee stings you but does no damage.
You block the killer bee's attack. The killer bee stings you.
* * * LOW HITPOINT WARNING * * *
You block the killer bee's attack. The killer bee stings you.
* * * LOW HITPOINT WARNING * * *
You block the killer bee's attack.
You miss the killer bee. You hit the killer bee.
You kill the killer bee!
You block the killer bee's attack.
The killer bee stings you but does no damage. x2
Your Axes skill increases to level 8!
Your chain mail prevents you from hitting the killer bee.
The killer bee stings you but does no damage.
You block the killer bee's attack.
The killer bee stings you but does no damage.
Unknown command.
The killer bee stings you but does no damage. x2
There is a stone staircase leading up here.
The killer bee stings you.
You die...

, * , * ,.. .# . *
..##.* #?###.#.. ..
.....#.### * ,#.#
#.......## ...
,...#...#######
.###.####.#@#.......#
.........hy...#####.#
*
##....>.#)##.######.#
....................#
##..##.......####..# ,
#.
##.###..####..###### *
* # *
#.................#
,**#####..###.#.####.#
, ,, ...# #.#.# *


You could see a hound and a killer bee.

Vanquished Creatures
  Pikel (D:5)
  Grinder (D:4)
  Sigmund (D:5)
  Eustachio (D:5)
  Edmund (D:6)
  An orc warrior (D:6)
  An ogre (D:6)
  A black bear (D:6)
  A sky beast (D:6)
  A necrophage (D:6)
  A phantom (D:5)
  A centaur (D:6)
  3 lemures (D:5)
  A gnoll sergeant (D:6)
  A bullfrog (D:6)
  A scorpion (D:5)
  A water moccasin zombie (D:5)
  4 killer bees
  A jelly (D:5)
  4 hounds
  Crazy Yiuf (D:5)
  3 iguanas
  A centaur skeleton (D:4)
  Terence (D:3)
  7 orc wizards
  2 hound skeletons (D:4)
  Robin (D:3)
  4 gnolls (D:6)
  9 adders
  2 shadow imps (D:5)
  An ufetubus (D:6)
  A worm (D:3)
  2 dart slugs
  19 orcs
  8 ball pythons
  10 endoplasms
  3 giant cockroaches
  16 hobgoblins
  7 jackals
  5 quokkas
  5 bats
  4 frilled lizards
  7 goblins
  9 kobolds
  7 rats
  A spectral goblin (D:2)
164 creatures vanquished.

Vanquished Creatures (others)
  25 plants
25 creatures vanquished.

Grand Total: 189 creatures vanquished

Notes
Turn   | Place    | Note
-------+----------+-------------------------------------------
     0 | D:1      | bande the Gargoyle Fighter began the quest for the Orb.
     0 | D:1      | Reached XP level 1. HP: 14/14 MP: 1/1
   258 | D:1      | Reached skill level 2 in Axes
   258 | D:1      | Reached XP level 2. HP: 19/19 MP: 2/2
   735 | D:1      | Reached XP level 3. HP: 23/23 MP: 3/3
  1467 | D:2      | Found a faded altar of an unknown god.
  1477 | D:2      | Reached XP level 4. HP: 27/29 MP: 4/4
  1623 | D:2      | Reached skill level 3 in Axes
  2285 | D:3      | Reached XP level 5. HP: 33/33 MP: 5/5
  2435 | D:3      | Found Jaosoa's Distillery.
  2438 | D:3      | Bought a potion of degeneration for 12 gold pieces
  2438 | D:3      | Bought a potion of heal wounds for 60 gold pieces
  2745 | D:3      | Noticed Robin
  2764 | D:3      | Killed Robin
  3045 | D:3      | Noticed Terence
  3054 | D:3      | Killed Terence
  3055 | D:3      | Reached skill level 4 in Axes
  3055 | D:3      | Reached skill level 1 in Evocations
  3055 | D:3      | Reached XP level 6. HP: 28/38 MP: 6/6
  3539 | D:4      | Noticed Grinder
  3563 | D:4      | Paralysed by Grinder for 2 turns
  3565 | D:4      | Killed Grinder
  3971 | D:4      | Reached XP level 7. HP: 43/44 MP: 7/7
  4250 | D:4      | Reached skill level 5 in Axes
  4766 | D:5      | Entered Level 5 of the Dungeon
  4812 | D:5      | Noticed Eustachio
  4838 | D:5      | Killed Eustachio
  5192 | D:5      | Reached XP level 8. HP: 48/48 MP: 8/8
  5335 | D:5      | Reached skill level 6 in Axes
  5335 | D:5      | Reached skill level 5 in Armour
  5368 | D:5      | Reached skill level 5 in Fighting
  6391 | D:5      | Noticed Pikel
  6412 | D:5      | Gained mutation: You are partially covered in iridescent
                  | scales. (AC +2) [potion of mutation]
  6412 | D:5      | Gained mutation: You passively map a small area around you.
                  | [potion of mutation]
  6417 | D:5      | Killed Pikel
  7043 | D:5      | Found a radiant altar of Vehumet.
  7072 | D:5      | Got Vehumet's Catalogue of Conjuration
  7094 | D:5      | Found an ancient bone altar of Kikubaaqudgha.
  7099 | D:5      | Reached XP level 9. HP: 55/55 MP: 9/9
  7103 | D:5      | Found a shimmering blue altar of Sif Muna.
  7126 | D:5      | Reached skill level 7 in Axes
  7194 | D:5      | Noticed Sigmund
  7207 | D:5      | Killed Sigmund
  7429 | D:5      | Found a runed translucent door.
  7430 | D:5      | Noticed Crazy Yiuf
  7440 | D:5      | Killed Crazy Yiuf
  8342 | D:6      | Reached skill level 5 in Shields
  8568 | D:6      | Noticed Edmund
  8601 | D:6      | Killed Edmund
  9180 | D:7      | HP: 2/55 [killer bee (2)]
  9182 | D:7      | Reached skill level 8 in Axes
  9184 | D:7      | Slain by a killer bee

Illustrated notes

Levels and vault maps discovered:
D:1:      scummos_arrival_star, layout_loops_ring, serial_bayou_lagoon_b
D:2:      layout_basic, dreamdust_ecumenical_altar_drowned_temple
D:3:      layout_basic, serial_bayou, serial_bayou_pond_b, serial_bayou_shore_b,
          serial_bayou_lagoon_a, serial_bayou_pond_c, serial_shops,
          nicolae_shop_behind_doors, chequers_serial_rivers_small_3, uniq_robin,
          uniq_terence
D:4:      layout_loops_ring, minmay_close_crescents, uniq_grinder
D:5:      minmay_inner_zag, layout_loops_corners, palyth_temple_overflow_mages,
          uniq_pikel, uniq_eustachio, uniq_sigmund, uniq_crazy_yiuf_cottage
D:6:      layout_basic, hangedman_decor_riveting, uniq_edmund
D:7:      layout_loops_ring, minmay_temple_entry_statues_fountains,
          lightli_ossuary_entry_decrepit_ruins, hangedman_abyss_or_decor_stabs,
          nicolae_shop_gadgets

Skill      XL: |  1  2  3  4  5  6  7  8  9 |
---------------+----------------------------+-----
Axes           | 2 3 4 5 6 8 |  8.0
Armour         | 4 6 |  6.9
Fighting       | 4 5 6 |  6.3
Evocations     | 1 2 3 4 |  4.7
Shields        | 4 5 |  5.6

Action                   |  1- 3 |  4- 6 |  7- 9 || total
-------------------------+-------+-------+-------++-------
Melee: War axe           |   114 |   198 |   491 ||   803
  Use: Scroll            |     2 |     4 |     5 ||    11
       Potion            |       |     1 |     7 ||     8
Armor: Scale mail        |    84 |   106 |    38 ||   228
       Chain mail        |       |       |   360 ||   360
Dodge: Dodged            |    66 |    83 |   174 ||   323
Block: Buckler           |    23 |    41 |    46 ||   110
       Tower shield      |       |       |   241 ||   241

Table legend: (Time is in decaauts)
 A = Elapsed time spent in this place.
 B = Non-inter-level travel time spent in this place.
 C = Inter-level travel time spent in this place.
 D = Time resting spent in this place.
 E = Time spent auto-exploring this place.
 F = Levels seen in this place.
 G = Mean time per level.
                   A        B        C        D        E       F      G
               +--------+--------+--------+--------+--------+-----+--------+
         Total |   9519 |   9435 |     84 |   2474 |   4921 |   7 | 1359.9 |
       Dungeon |   9519 |   9435 |     84 |   2474 |   4921 |   7 | 1359.9 |
               +--------+--------+--------+--------+--------+-----+--------+

Top non-repeatable levels by time:
     D:5: 2966 daAuts
     D:3: 1548 daAuts
     D:6: 1502 daAuts
     D:4: 1336 daAuts
     D:2: 1065 daAuts
     D:1: 992 daAuts
     D:7: 108 daAuts
